 Dungeon Crawl Stone Soup version bcrawl-1.18 (webtiles) character file.

Game seed: 18232101607173371422

17692 Anmu the Eclecticist (level 12, -6/66 HPs)
             Began as a Fairy Conjurer on Nov 2, 2019.
             Shot with a bolt by a yaktaur (26 damage)
             ... on level 11 of the Dungeon.
             The game lasted 00:28:20 (9312 turns).

Anmu the Eclecticist (Fairy Conjurer)               Turns: 9312, Time: 00:28:20

Health: -6/66      AC: 11    Str:  5 (6)  XL:     12   Next: 50%
Magic:  14/29      EV: 26    Int: 25      God:
Gold:   719        SH:  7    Dex: 14      Spells: 33/41 levels left

rFire    . . .     SeeInvis .   w - +2 spear "Newtslayer" {pierce, rPois Stlth+}
rCold    . . .     Gourm    .   (shield restricted)
rNeg     . . .     Faith    .   (armour unavailable)
rPois    +         Spirit   .   (no helmet)
rElec    .         Reflect  .   D - +0 cloak
rCorr    .         Harm     .   h - +1 pair of gloves
MR       +....                  j - +0 pair of boots
Stlth    ++........             t - amulet of magic regeneration
HPRegen  0.21/turn              g - ring of poison resistance
MPRegen  0.46/turn              x - +1 ring of slaying

@: flying evasively
A: small, magic attunement, unstealthy, unfitting armour, agile 1, deterioration
1, low mp 1, able to fly, AC/SH +7
a: Stop Flying


You were on level 11 of the Dungeon.
You were not hungry.

You visited 2 branches of the dungeon, and saw 12 of its levels.

You collected 719 gold pieces.

Inventory:

Hand Weapons
 w - the +2 spear "Newtslayer" (weapon) {pierce, rPois Stlth+}
   (You found it on level 6 of the Dungeon)

   It inflicts extra damage upon your enemies.
   It protects you from poison.
   It makes you more stealthy.
Armour
 h - a +1 pair of gloves (worn)
 j - a +0 pair of boots (worn)
 D - a +0 cloak (worn)
Magical Staves
 y - an uncursed staff of wizardry
Jewellery
 g - a ring of poison resistance (left hand)
 m - an uncursed amulet of the acrobat
 p - an uncursed amulet of faith
 t - an amulet of magic regeneration (around neck)
 x - a +1 ring of slaying (right hand)
Wands
 k - a wand of digging (12)
 r - a wand of flame (31)
 A - a wand of iceblast (6)
 B - a wand of disintegration (12)
 E - a wand of random effects (12)
Scrolls
 a - 9 scrolls of teleportation
 d - 13 scrolls of identify
 f - 5 scrolls of amnesia
 l - 2 scrolls of magic mapping
 q - 2 scrolls of enchant armour
 s - 10 scrolls of remove curse
 z - a scroll of fear
 C - a scroll of enchant weapon
Potions
 b - 2 potions of magic
 e - 3 potions of berserk rage
 i - a potion of heal wounds
 n - a potion of cancellation {unknown}
 o - 4 potions of brilliance
 u - 4 potions of curing
 v - 3 potions of might
Comestibles
 c - 12 rations {!d}


   Skills:
 * Level 12.5 Dodging
 + Level 2.4 Stealth
 + Level 15.1 Spellcasting
 + Level 13.3 Conjurations
 + Level 3.1 Hexes
 + Level 3.3 Summonings


You had 33 spell levels left.
You knew the following spells:

 Your Spells              Type           Power        Failure   Level  Hunger
a - Magic Dart            Conj           ####         0%          1    None
b - Iskenderun's Mystic   Conj           ######..     1%          3    None
c - Confuse               Hex            ####....     2%          3    None
d - Summon Butterflies    Summ           #####...     1%          1    None

Your spell library contained the following spells:

 Spells                   Type           Power        Failure   Level  Hunger
 Slow                     Hex            ####....     1%          1    None
 Summon Small Mammal      Summ           ####         1%          1    None
 Call Imp                 Summ           #####...     1%          2    None
 Searing Ray              Conj           ######       1%          2    None
 Dazzling Spray           Conj/Hex       ######       1%          3    None
 Fulminant Prism          Conj/Hex       ######....   1%          4    None
 Ensorcelled Hibernation  Hex/Ice        ####..       2%          2    None
 Call Canine Familiar     Summ           #####...     2%          3    None
 Animate Skeleton         Necr           N/A          3%          1    None
 Apportation              Tloc           ###...       3%          1    None
 Infusion                 Chrm           ###.....     3%          1    None
 Pain                     Necr           ###...       3%          1    None
 Sandblast                Erth           ###...       3%          1    None
 Bolt of Draining         Conj/Necr      ######....   5%          5    None
 Irradiate                Conj/Tmut      ######....   5%          5    None
 Iskenderun's Battlesphe  Conj/Chrm      ######..     5%          5    None
 Regeneration             Chrm/Necr      ###.......   9%          3    None
 Vampiric Draining        Necr           ###.......   9%          3    None
 Summon Ice Beast         Ice/Summ       ####....     14%         4    None
 Yara's Violent Unravell  Hex/Tmut       ####......   16%         4    None
 Animate Dead             Necr           N/A          28%         4    None
 Petrify                  Tmut/Erth      ###.....     28%         4    None
 Metabolic Englaciation   Hex/Ice        ####......   38%         5    None
 Silence                  Hex/Air        ####......   38%         5    None
 Summon Lightning Spire   Summ/Air       ####....     38%         5    None
 Piercing Shot            Chrm           ###.......   63%         5    None
 Mana Rupture             Conj/Hex       ######....   63%         7    None
 Shadow Creatures         Summ           N/A          75%         6    None
 Darkness                 Hex            ####......   77%         6    None
 Infestation              Hex/Tmut/Pois  ###......    96%         6    None
 Borgnjor's Vile Clutch   Necr/Erth      ###.......   99%         6    None
 Deflect Missiles         Chrm/Air       ###.......   99%         6    None
 Discord                  Hex            ####......   100%        8    None
 Time Stop                Chrm/Tloc      N/A          100%        8    None


Dungeon Overview and Level Annotations

Branches:
Dungeon (11/12)            Temple (1/1) D:7            Lair (0/6) D:7
    Orc (0/1) D:9          Vaults (0/3) D:11

Altars:
Ashenzari
Cheibriados
Dithmenos
Elyvilon
Fedhas
Gozag
Hepliaklqana
Kikubaaqudgha
Lugonu
Makhleb
Nemelex Xobeh
Okawaru
Qazlal
Ru
Sif Muna
Trog
Uskayaw
Vehumet
Wu Jian
Xom
Yredelemnul
Zin
The Shining One

Shops:
D:8 [

Annotations:
D:9 2 transporters


Innate Abilities, Weirdness & Mutations

Your spells do not cause hunger and MP costs are reduced by 1.
Your bright wings attract enemies. (Stealth-)
You cannot fit into any form of body armour.
Your shimmering scales are hard and can block incoming attacks. (AC +7, SH +7)
You are small and have problems with some larger weapons.
You can fly continuously.
You are agile. (Dex +2)
Your body sometimes deteriorates upon taking damage.
Your magical capacity is low. (-10% MP)


Message History

The yaktaur shoots a bolt.
You block the bolt.
Casting: Iskenderun's Mystic Blast (safe; 1% risk of failure)
Confirm with . or Enter, or press ? or * to list all spells.
Aiming: Iskenderun's Mystic Blast (safe; 1% risk of failure)
Press: ? - help, Shift-Dir - straight line, f/p - yaktaur captain
Aim: a yaktaur captain (severely wounded)
The orb of energy hits the yaktaur captain.
The yaktaur captain is severely wounded.
The orc warrior barely misses you. You block the yaktaur captain's attack.
The yaktaur captain wields a +0 arbalest.
The yaktaur captain shoots a bolt.
The bolt hits you!
Casting: Iskenderun's Mystic Blast (safe; 1% risk of failure)
Confirm with . or Enter, or press ? or * to list all spells.
Aiming: Iskenderun's Mystic Blast (safe; 1% risk of failure)
Press: ? - help, Shift-Dir - straight line, f/p - yaktaur captain
Aim: a yaktaur captain, wielding a +0 arbalest (severely wounded)
The orb of energy hits the yaktaur captain.
You kill the yaktaur captain!
The yaktaur shoots a bolt.
The bolt hits you!!
You die...

#####...........
.. #..#...........
. #..#............
#..'............
#..#............
#..#############
#....#......#
#....'......#
#..###..###@#
#..###..###.#
#........#.)c)...#
#........#......∩#
############...###
..... ...#.#
....).. ......)


You could see a yaktaur.

Vanquished Creatures
  A yaktaur captain (D:11)
  Psyche (D:8)
  3 two-headed ogres
  A tengu warrior (D:9)
  Erica (D:8)
  5 skeletal warriors
  A cyclops (D:11)
  An ugly thing (D:11)
  Maurice (D:8)
  Joseph (D:8)
  A gargoyle (D:9)
  3 centaur skeletons
  A komodo dragon (D:7)
  A yaktaur (D:11)
  A troll (D:7)
  A hornet (D:10)
  A meliai (D:10)
  Grinder (D:3)
  A hippogriff (D:6)
  2 wraiths
  4 yaks (D:10)
  4 hogs (D:8)
  A human (D:8)
  A steam dragon (D:6)
  An acid dragon (D:11)
  Duvessa (D:6)
  A water moccasin (D:10)
  An ice beast (D:11)
  A necrophage (D:9)
  3 sky beasts
  3 black bears
  4 ogres
  2 orc warriors
  The ghost of Mrkan the Ducker, an amateur HOAc (D:3)
  7 centaurs
  2 big kobolds
  8 bullfrogs
  Dowan (D:6)
  A wyvern skeleton (D:8)
  3 scorpions
  8 wights
  5 howler monkeys
  4 crimson imps
  A bullfrog zombie (D:7)
  A centaur zombie (D:5)
  A hound (D:11)
  2 jellies
  9 orc wizards
  A bullfrog skeleton (D:6)
  5 orc priests
  An iguana (D:5)
  6 worker ants
  2 hound skeletons
  13 adders
  2 shadow imps
  3 oozes
  2 adder zombies (D:5)
  An adder skeleton (D:4)
  5 worms
  2 dart slugs (D:3)
  5 leopard geckos
  24 orcs
  6 bats (D:1)
  2 bat zombies (D:4)
  3 giant cockroaches
  6 goblins
  10 hobgoblins
  3 jackals (D:8)
  2 quokkas (D:3)
  2 frilled lizards (D:3)
  14 kobolds
  A quokka skeleton (D:3)
  6 rats
  3 rat zombies (D:4)
  A plant (D:7)
241 creatures vanquished.

Vanquished Creatures (others)
  2 plants (D:7)
2 creatures vanquished.

Grand Total: 243 creatures vanquished

Notes
Turn   | Place    | Note
-------+----------+-------------------------------------------
     0 | D:1      | Anmu the Fairy Conjurer began the quest for the Orb.
     0 | D:1      | Reached XP level 1. HP: 11/11 MP: 6/6
   128 | D:1      | Reached skill level 5 in Conjurations
   219 | D:1      | Reached XP level 2. HP: 17/17 MP: 7/7
   800 | D:2      | Reached XP level 3. HP: 21/21 MP: 9/9
   805 | D:2      | Learned a level 3 spell: Iskenderun's Mystic Blast
   818 | D:2      | Reached skill level 3 in Spellcasting
  1246 | D:2      | Found a burning altar of Makhleb.
  1292 | D:3      | Reached XP level 4. HP: 27/27 MP: 3/11
  1385 | D:3      | Found a transporter.
  1386 | D:3      | Found a transporter.
  1454 | D:3      | Reached XP level 5. HP: 31/31 MP: 7/12
  1552 | D:3      | Noticed Mrkan's ghost (amateur HOAc)
  1750 | D:3      | Noticed Grinder
  1757 | D:3      | Reached skill level 4 in Spellcasting
  1763 | D:3      | Killed Grinder
  1763 | D:3      | Reached skill level 5 in Spellcasting
  1763 | D:3      | Reached XP level 6. HP: 36/36 MP: 1/15
  1853 | D:3      | Found a hazy altar of Hepliaklqana.
  2231 | D:3      | Killed Mrkan's ghost
  2231 | D:3      | Reached skill level 5 in Dodging
  2231 | D:3      | Reached XP level 7. HP: 41/41 MP: 8/17
  2758 | D:4      | Reached skill level 6 in Spellcasting
  2901 | D:4      | Found an ancient bone altar of Kikubaaqudgha.
  2958 | D:5      | Entered Level 5 of the Dungeon
  3114 | D:5      | Noticed a two-headed ogre
  3121 | D:5      | Killed a two-headed ogre
  3121 | D:5      | Reached skill level 7 in Spellcasting
  3121 | D:5      | Reached XP level 8. HP: 14/46 MP: 6/21
  3553 | D:5      | Reached skill level 8 in Spellcasting
  3664 | D:5      | Found a radiant altar of Vehumet.
  3924 | D:6      | Reached XP level 9. HP: 51/51 MP: 16/23
  3935 | D:6      | Noticed a two-headed ogre
  3943 | D:6      | Killed a two-headed ogre
  3943 | D:6      | Reached skill level 9 in Spellcasting
  3943 | D:6      | Reached skill level 10 in Conjurations
  4085 | D:6      | Reached skill level 10 in Spellcasting
  4093 | D:6      | Learned a level 1 spell: Summon Butterflies
  4399 | D:6      | Got a slimy spear
  4455 | D:6      | Noticed Duvessa
  4457 | D:6      | Noticed Dowan
  4461 | D:6      | Killed Duvessa
  4461 | D:6      | Killed Dowan
  4929 | D:7      | Reached XP level 10. HP: 56/56 MP: 23/26
  4938 | D:7      | Noticed a skeletal warrior
  4942 | D:7      | Noticed a skeletal warrior
  4944 | D:7      | Noticed a skeletal warrior
  4950 | D:6      | Killed a skeletal warrior
  4950 | D:6      | Reached skill level 11 in Spellcasting
  5206 | D:6      | Identified the +2 spear "Newtslayer" {pierce, rPois Stlth+}
                  | (You found it on level 6 of the Dungeon)
  5224 | D:7      | Found a hide-covered altar of Uskayaw.
  5250 | D:7      | Noticed a skeletal warrior
  5256 | D:7      | Killed a skeletal warrior
  5264 | D:7      | Killed a skeletal warrior
  5381 | D:7      | Gained mutation: Your magical capacity is low. (-10% MP)
                  | [potion of mutation]
  5381 | D:7      | Gained mutation: You have supernaturally acute eyesight.
                  | (SInv) [potion of mutation]
  5381 | D:7      | Gained mutation: Your spells are a little harder to cast,
                  | but a little more powerful. [potion of mutation]
  5424 | D:7      | Killed a skeletal warrior
  5424 | D:7      | Reached skill level 10 in Dodging
  5424 | D:7      | Reached skill level 12 in Spellcasting
  5442 | D:7      | Found a staircase to the Ecumenical Temple.
  5451 | Temple   | Entered the Ecumenical Temple
  5978 | D:7      | Found a staircase to the Lair.
  5995 | D:7      | Reached skill level 1 in Summonings
  5995 | D:7      | Reached XP level 11. HP: 61/61 MP: 16/26
  6159 | D:8      | Noticed Psyche
  6165 | D:8      | Killed Psyche
  6173 | D:8      | Learned a level 3 spell: Confuse
  6284 | D:8      | Noticed Joseph
  6289 | D:8      | Killed Joseph
  6366 | D:8      | Noticed Erica
  6367 | D:8      | Noticed Maurice
  6380 | D:8      | Reached skill level 13 in Spellcasting
  6381 | D:8      | Killed Erica
  6389 | D:8      | Killed Maurice
  6547 | D:8      | Lost mutation: Your spells are a little harder to cast, but
                  | a little more powerful. [potion of mutation]
  6547 | D:8      | Lost mutation: Your magical capacity is low. (-10% MP)
                  | [potion of mutation]
  6547 | D:8      | Lost mutation: You have supernaturally acute eyesight.
                  | (SInv) [potion of mutation]
  6547 | D:8      | Gained mutation: Your body sometimes deteriorates upon
                  | taking damage. [potion of mutation]
  6547 | D:8      | Gained mutation: Your magical capacity is low. (-10% MP)
                  | [potion of mutation]
  6547 | D:8      | Gained mutation: You are agile. (Dex +2) [potion of
                  | mutation]
  6564 | D:8      | Found Poddesit's Armour Shoppe.
  6778 | D:8      | Found a glowing golden altar of the Shining One.
  7137 | D:8      | Reached skill level 1 in Hexes
  7287 | D:9      | Found Kueve's Antique Armour Emporium.
  7421 | D:9      | Found a basalt altar of Yredelemnul.
  7421 | D:9      | Found a shimmering blue altar of Sif Muna.
  7421 | D:9      | Noticed a skeletal warrior
  7436 | D:9      | Found a transporter.
  7437 | D:9      | Noticed a deep troll earth mage
  7440 | D:9      | Noticed a manticore
  7462 | D:9      | Noticed a tengu warrior
  7469 | D:9      | Killed a tengu warrior
  7502 | D:9      | Found a bloodstained altar of Trog.
  7565 | D:9      | Found a staircase to the Orcish Mines.
  7603 | D:9      | Found a faded altar of an unknown god.
  7603 | D:9      | Found a sacrificial altar of Ru.
  7608 | D:9      | Found a faded altar of an unknown god.
  7611 | D:9      | Found a corrupted altar of Lugonu.
  7613 | D:9      | Found a sparkling altar of Nemelex Xobeh.
  7673 | D:9      | Reached skill level 14 in Spellcasting
  7681 | D:9      | Found a transporter.
  7691 | D:9      | Found a shimmering altar of Xom.
  7692 | D:9      | Noticed a two-headed ogre
  7750 | D:10     | Entered Level 10 of the Dungeon
  7926 | D:10     | Found a sparkling altar of Nemelex Xobeh.
  8127 | D:10     | Reached XP level 12. HP: 66/66 MP: 14/29
  8709 | D:11     | Noticed a two-headed ogre
  8715 | D:11     | Killed a two-headed ogre
  8954 | D:11     | Noticed a six-headed hydra
  9180 | D:11     | Found a burning altar of Makhleb.
  9301 | D:11     | Found a gate to the Vaults.
  9305 | D:11     | Noticed a yaktaur captain
  9308 | D:11     | Reached skill level 15 in Spellcasting
  9312 | D:11     | Killed a yaktaur captain
  9312 | D:11     | Shot with a bolt by a yaktaur

Skill      XL: |  1  2  3  4  5  6  7  8  9 10 11 12 |
---------------+-------------------------------------+-----
Conjurations   | 5 6 7 8 9 10 12 13 | 13.3
Dodging        | 3 4 5 6 7 9 10 11 12 | 12.5
Spellcasting   | 3 5 7 8 10 12 14 15 | 15.1
Stealth        | 2 |  2.4
Summonings     | 1 3 |  3.3
Hexes          | 1 3 |  3.1

Action                   |  1- 3 |  4- 6 |  7- 9 | 10-12 || total
-------------------------+-------+-------+-------+-------++-------
Melee: Spear             |       |       |       |     4 ||     4
 Cast: Magic Dart        |    57 |    45 |    28 |    48 ||   178
       Iskenderun's Myst |    11 |    21 |   108 |   233 ||   373
       Summon Butterflie |       |       |       |    51 ||    51
       Confuse           |       |       |       |    32 ||    32
  Use: Scroll            |       |     6 |     2 |     3 ||    11
       Potion            |       |     5 |     1 |     9 ||    15
  Eat: Chunk             |     1 |     2 |     4 |     8 ||    15
       Ration            |       |     1 |     1 |     1 ||     3
Armor: Skin              |       |       |     2 |    20 ||    22
Dodge: Dodged            |    13 |     5 |     6 |    86 ||   110
Block: Other             |     1 |       |     7 |    34 ||    42
